 Dungeon Crawl Stone Soup version 0.21-a0-110-g8e1637b (webtiles) character file.

2 Gorice the Caller (level 1, 0/14 HPs)
             Began as a Demonspawn Summoner on July 8, 2017.
             Slain by a leopard gecko (5 damage)
             ... on level 1 of the Dungeon.
             The game lasted 00:00:54 (64 turns).

Gorice the Caller (Demonspawn Summoner)               Turns: 64, Time: 00:00:55

Health: 0/14       AC:  2    Str:  8    XL:     1   Next: 25%
Magic:  0/3        EV: 12    Int: 16    God:
Gold:   0          SH:  0    Dex: 13    Spells: 3/4 levels left

rFire    . . .     SeeInvis .   (no weapon)
rCold    . . .     Gourm    .   (no shield)
rNeg     . . .     Faith    .   a - +0 robe
rPois    .         Spirit   .   (no helmet)
rElec    .         Reflect  .   (no cloak)
rCorr    .         Harm     .   (no gloves)
MR       .....                  (no boots)
Stlth    ++........             (no amulet)
HPRegen  0.04/turn              (no ring)
MPRegen  0.08/turn              (no ring)

@: no status effects
A: no striking features
a: no special abilities


You were on level 1 of the Dungeon.
You were not hungry.

You visited 1 branch of the dungeon, and saw 1 of its levels.

Inventory:

Armour
 a - a +0 robe (worn)
Books
 b - a book of Callings
Comestibles
 c - a bread ration {!e}


   Skills:
 + Level 0.6 Fighting
 - Level 1.7 Dodging
 - Level 1.7 Stealth
 - Level 2.0 Spellcasting
 - Level 4.0 Summonings


You had 3 spell levels left.
You knew the following spells:

 Your Spells              Type           Power        Failure   Level  Hunger
a - Summon Small Mammal   Summ           ##..         4%          1    #......


Dungeon Overview and Level Annotations

Branches:
Dungeon (1/15)

Altars:


Message History

The leopard gecko is heavily wounded.
Your bat barely misses the leopard gecko.
Your bat hits the leopard gecko but does no damage.
Your bat closely misses the leopard gecko.
The rat completely misses your bat. The leopard gecko barely misses you.
Unknown command.
You barely miss the leopard gecko.
The leopard gecko is heavily wounded.
Your bat closely misses the leopard gecko.
Your bat completely misses the leopard gecko.
The leopard gecko bites you.
* * * LOW HITPOINT WARNING * * *
Your bat hits the leopard gecko.
Damage: 1 (max 3)
You barely miss the leopard gecko.
The leopard gecko is severely wounded.
Your bat hits the leopard gecko.
Your bat barely misses the leopard gecko.
The leopard gecko bites you but does no damage.
Your bat barely misses the rat.
Unknown command.
You closely miss the leopard gecko.
The leopard gecko is almost dead.
Your bat completely misses the leopard gecko.
Your bat hits the rat but does no damage.
The leopard gecko barely misses you.
Your bat hits the rat.
Unknown command.
Unknown command.
Unknown command.
Casting: Summon Small Mammal
Confirm with . or Enter, or press ? or * to list all spells.
Your bat closely misses the leopard gecko.
The leopard gecko bites you but does no damage.
Your bat closely misses the leopard gecko.
The leopard gecko completely misses you.
Your bat misses the leopard gecko.
Your bat hits the leopard gecko but does no damage.
Your bat hits the rat but does no damage.
Unknown command.
You swap places.
Your bat barely misses the leopard gecko.
The leopard gecko barely misses your rat.
Your rat closely misses the leopard gecko.
Unknown command.
The leopard gecko bites your rat.
Your rat dies!
Your rat's corpse disappears in a puff of smoke!
Unknown command.
Your bat misses the leopard gecko. The leopard gecko bites you.
You die...

#.# #.# #.####
#.##.# # #.##.### #
#.##.##...#.#
#.......#.#. #
#@b...... .#
#l#†.#.###.#
#r#..#.##..#
##.#†......#
#...§.##'''##
#######8†..8##
##.......##
♣#####.........#####
♣.......8...8.......


You could see a leopard gecko, a rat and a friendly bat.

Vanquished Creatures
  A bat (D:1)
  A frilled lizard (D:1)
2 creatures vanquished.

Vanquished Creatures (collateral kills)
  A hobgoblin (D:1)
1 creature vanquished.

Grand Total: 3 creatures vanquished

Notes
Turn   | Place    | Note
-------+----------+-------------------------------------------
     0 | D:1      | Gorice the Demonspawn Summoner began the quest for the Orb.
     0 | D:1      | Reached XP level 1. HP: 13/13 MP: 3/3
    64 | D:1      | Slain by a leopard gecko

Vault maps used:
D:1:      kennysheep_arrival_forest, minmay_strange_pillars

Action                   || total
-------------------------++-------
Melee: Unarmed           ||    10
 Cast: Summon Small Mamm ||     6
Armor: Robe              ||     5
Dodge: Dodged            ||    10

Table legend:
 A = Turns spent in this place as a percentage of turns spent in the entire game.
 B = Non-inter-level travel turns spent in this place as a percentage of non-inter-level travel turns spent in the entire game.
 C = Inter-level travel turns spent in this place as a percentage of turns spent in this place.
 D = Turns resting spent in this place as a percentage of non-inter-level travel turns spent in this place.
 E = Turns spent auto-exploring this place as a percentage of non-inter-level travel turns spent in this place.
 F = Non-inter-level travel turns spent in this place divided by the number of levels of this place that you've seen.
                   A       B       C       D       E      F
               +-------+-------+-------+-------+-------+----------------------
         Total | 100.0 | 100.0 |   0.0 |   0.0 |   0.0 |  78.0
       Dungeon | 100.0 | 100.0 |   0.0 |   0.0 |   0.0 |  78.0
               +-------+-------+-------+-------+-------+----------------------

Vault maps used:
D:1:      kennysheep_arrival_forest, minmay_strange_pillars
